[Event "Live Chess"]
[Site "Chess.com"]
[Date "2023.09.16"]
[Round "-"]
[White "GustavoFarinha"]
[Black "Yurxx21"]
[Result "0-1"]
[WhiteElo "1697"]
[BlackElo "1491"]
[TimeControl "900+5"]
[EndTime "15:54:23 PDT"]
[Termination "Yurxx21 venceu por desistência"]

1. e4 c5 2. Nf3 d6 3. Bb5+ Bd7 4. Bxd7+ Nxd7 5. O-O Ngf6 6. d3 e6 7. Nc3 a6 8. Bg5 Be7 9. a4 h6 10. Bh4 O-O 11. d4 cxd4 12. Nxd4 Rc8 13. f4 Nh7 14. Bxe7 Qxe7 15. Qd3 e5 16. fxe5 dxe5 17. Nf3 Rfd8 18. Qe2 Ng5 19. Nd5 Nxf3+ 20. Rxf3 Qc5+ 21. Qf2 Qxf2+ 22.
Rxf2 Kf8 23. Raf1 f6 24. c3 Nc5 25. a5 Nxe4 26. Nb6 Nxf2 27. Nxc8 Nh3+ 28. gxh3 Rxc8 29.
Rd1 Ke7 30. Kf2 Rc5 31. Ra1 Rd5 32. Ke3 Rb5 33. b4 b6 34. axb6 Rxb6 35. Rg1 g5 36. Ke4 Ke6 37. Rf1 Rc6 38. Rf3 Rc4+ 39. Kd3 e4+ 40. Kxc4 exf3 41. Kd3 f5 42. Ke3 g4 43. hxg4 fxg4 44. c4 h5 45. b5 axb5 46. cxb5 Kd6 47. Kf2 Kc5 48. Kg3 Kxb5 49. Kf2 Kc4 50. Kg3 Kd4 51. Kf2 Ke4 52. Ke1 Ke3 53. Kf1 h4 54. Kg1 g3 55. hxg3 hxg3 56. Kf1 g2+ 0-1

[Event "Live Chess"]
[Site "Chess.com"]
[Date "2023.09.16"]
[Round "-"]
[White "Joasgodoy"]
[Black "CroNmo"]
[Result "0-1"]
[WhiteElo "681"]
[BlackElo "1832"]
[TimeControl "900+5"]
[EndTime "15:54:50 PDT"]
[Termination "CroNmo venceu por desistência"]

1. e4 c5 2. Nf3 e6 3. d4 cxd4 4. Nxd4 Nf6 5. Nc3 d6 6. Bc4 Be7 7. Qf3 Nc6 8. Bb5 Bd7 9. Qg3 Nxd4 10. Bxd7+ Qxd7 11. Qxg7 Rg8 12. Qh6 Nxc2+ 13. Ke2 Nxa1 14.
Bg5 Rg6 15. Qh4 Nc2 16. e5 dxe5 17. Rd1 Nd4+ 18. Kf1 Qc6 19. f3 Qc4+ 20. Kg1 Nxf3+ 21. gxf3 Qxh4 0-1

[Event "Live Chess"]
[Site "Chess.com"]
[Date "2023.09.16"]
[Round "-"]
[White "Mell46"]
[Black "Capi-D-Vara"]
[Result "1-0"]
[WhiteElo "1396"]
[BlackElo "1275"]
[TimeControl "900+5"]
[EndTime "15:55:04 PDT"]
[Termination "Mell46 venceu por desistência"]

1. e4 c5 2. Nf3 a6 3. Nc3 g6 4. Bc4 Bg7 5. Ng5 e6 6. d3 b5 7.
Bb3 c4 8. dxc4 bxc4 9. Bxc4 Qa5 10. Bd2 Bb7 11. Nb5 Qb6 12. Be3 Qc6 13. Nd6+ Kf8 14.
Nxb7 Qxb7 15. Qd6+ Ne7 16. Bc5 Bf6 17. Qf4 Bxg5 18. Qxg5 Qxe4+ 19. Be2 Nc6 20. Qf6 Qe5 21. Bxe7+ 1-0

[Event "Live Chess"]
[Site "Chess.com"]
[Date "2023.09.16"]
[Round "-"]
[White "Luisgustavo100"]
[Black "Gabriel0298"]
[Result "0-1"]
[WhiteElo "947"]
[BlackElo "1602"]
[TimeControl "900+5"]
[EndTime "15:57:08 PDT"]
[Termination "Gabriel0298 venceu por desistência"]

1. e4 e6 2. Nf3 d5 3. exd5 exd5 4.
d4 Nf6 5. Nc3 Bd6 6. Bd3 O-O 7.
O-O Bg4 8. h3 Bh5 9. Re1 c6 10.
Bg5 Nbd7 11. Bxf6 Qxf6 12. Be2 Rfe8 13. Qd2 Re7 14. Ng5 Bxe2 15. Rxe2 Rae8 16. Rae1 Rxe2 17. Rxe2 Rxe2 18. Nxe2 h6 19. Nf3 Nb6 20. b3 Qe7 21. Ng3 Bxg3 22. fxg3 Nd7 23. Qe1 Qxe1+ 24. Nxe1 Nf6 25.
Nf3 Ne4 26. g4 Nc3 27. a4 f6 28. Kh2 Kf7 29. Kg3 g5 30. h4 Ke6 31. hxg5 hxg5 32. Kf2 Na2 33. Ke3 Nb4 34. c3 Na2 35. Kd3 Nc1+ 36.
Kc2 Ne2 37. Kd2 Nf4 38. c4 Nxg2 39. cxd5+ Kxd5 40. Kc3 Nf4 41. Nd2 Ne2+ 42. Kd3 Nxd4 43. Nc4 Nxb3 44. Ke3 Kxc4 45. Ke4 Nc5+ 46. Kf5 Nd7 0-1

[Event "Live Chess"]
[Site "Chess.com"]
[Date "2023.09.16"]
[Round "-"]
[White "Yurxx21"]
[Black "CroNmo"]
[Result "0-1"]
[WhiteElo "1489"]
[BlackElo "1834"]
[TimeControl "900+5"]
[EndTime "15:57:21 PDT"]
[Termination "CroNmo venceu por desistência"]

1. e4 c5 2. Nf3 e6 3. d4 cxd4 4. Nxd4 Nf6 5. Nc3 d6 6. Bb5+ Bd7 7. Bxd7+ Qxd7 8. O-O Nc6 9. Be3 Nxd4 10. Bxd4 e5 11.
Be3 Be7 12. Qf3 O-O 13. Qg3 Rfc8 14. Rfd1 Bf8 15. Qxe5 dxe5 16. Rxd7 Nxd7 0-1

[Event "Live Chess"]
[Site "Chess.com"]
[Date "2023.09.16"]
[Round "-"]
[White "guto-XVI"]
[Black "ViniciusBritoFc"]
[Result "0-1"]
[WhiteElo "1490"]
[BlackElo "1193"]
[TimeControl "900+5"]
[EndTime "15:58:37 PDT"]
[Termination "ViniciusBritoFc venceu por desistência"]

1. Nf3 c5 2. g3 d5 3. Bg2 Nc6 4. O-O Nf6 5. Re1 g6 6. d3 Bg7 7. Nbd2 O-O 8. b3 Bg4 9. Bb2 Bxf3 10. Bxf3 Qc7 11. e4 d4 12. Bg2 Ng4 13. h3 Nf6 14. f4 Rfd8 15. Qf3 e5 16. f5 g5 17. Kf2 h5 18. g4 h4 19. Nf1 Qa5 20. Bc1 Nb4 21.
Qe2 b5 22. Nh2 Bh6 23. Nf3 Re8 24. Bxg5 Kg7 25. Bxh6+ Kxh6 26. Nxh4 Rh8 27. Nf3 Kg7 28. Nxe5 Rae8 29. Nf3 Qc7 30. Qd2 Kf8 31. Nxd4 cxd4 32. Qxb4+ Kg7 33. Rac1 Qf4+ 34. Ke2 Nxg4 35. Rf1 Qe3+ 36.
Kd1 Nf2+ 37. Rxf2 Qxf2 38. Qd2 Qg1+ 0-1

[Event "Live Chess"]
[Site "Chess.com"]
[Date "2023.09.16"]
[Round "-"]
[White "IMelefante38"]
[Black "Cantalicioo"]
[Result "0-1"]
[WhiteElo "783"]
[BlackElo "1484"]
[TimeControl "900+5"]
[EndTime "15:59:19 PDT"]
[Termination "Cantalicioo venceu por desistência"]

1. e4 c5 2. Nf3 g6 3. d4 cxd4 4. Nxd4 Bg7 5. c3 Nc6 6. Bc4 Nf6 7. O-O O-O 8. h4 d5 9. exd5 Nxd5 10. Qf3 Nf6 11. Nd2 Nxd4 12. cxd4 Qxd4 13. Bb3 Bg4 14. Qg3 h5 15. Nf3 Ne4 16. Qc7 Bxf3 17. gxf3 Nd6 18.
Be3 Qxh4 19. Bc5 Rac8 20. Qd7 Rxc5 21. Rac1 Rg5+ 0-1

[Event "Live Chess"]
[Site "Chess.com"]
[Date "2023.09.16"]
[Round "-"]
[White "Arthur_Maciel"]
[Black "Cocecion"]
[Result "0-1"]
[WhiteElo "1119"]
[BlackElo "1681"]
[TimeControl "900+5"]
[EndTime "15:59:40 PDT"]
[Termination "Cocecion venceu por xeque-mate"]

1. e4 c5 2. Nf3 d6 3. Bc4 e6 4.
O-O Nc6 5. d3 Qc7 6. c3 Nf6 7.
Nbd2 Be7 8. Re1 a6 9. Nf1 Na5 10. Ng3 b5 11. Bb3 Nxb3 12. axb3 Bb7 13. c4 O-O 14. e5 dxe5 15. Nxe5 Bd6 16. Bf4 Rfd8 17.
Qd2 Ne8 18. Rad1 f6 19. Qe3 Bxe5 20. Bxe5 Qxe5 21. Qxe5 fxe5 22. Rxe5 Nc7 23. Rxc5 Ne8 24. Re1 bxc4 25. bxc4 Rxd3 26. Rxe6 Rb3 27. Rce5 Nf6 28. Re7 Rxb2 29. h3 Rc8 30. Nf5 g6 31. Nh6+ Kh8 32. Nf7+ Kg8 33. Nd6 Rb8 34. Rf7 Nh5 35. Rfe7 Rb1+ 36.
Kh2 Bc6 37. Rc7 Ba4 38. Ree7 Rf8 39. Rxh7 Rxf2 40. Rh6 Nf4 41. Kg3 Rbb2 42. Rc8+ Kg7 43. Rhh8 Nh5+ 44. Kh4 Rf4+ 45. Kg5 Rxg2# 0-1

[Event "Live Chess"]
[Site "Chess.com"]
[Date "2023.09.16"]
[Round "-"]
[White "Sophowl"]
[Black "Tercette"]
[Result "1/2-1/2"]
[WhiteElo "256"]
[BlackElo "166"]
[TimeControl "900+5"]
[EndTime "16:00:56 PDT"]
[Termination "Partida empatada por acordo"]

1. d4 e6 2. e4 d5 3. f3 Bb4+ 4.
Bd2 a5 5. c3 Nf6 6. cxb4 axb4 7. Bxb4 c5 8. Bxc5 b6 9. Qa4+ Bd7 10. Qxa8 bxc5 11. dxc5 Nc6 12. Qb7 Bc8 13. Qxc6+ Qd7 14.
Qa8 Nh5 15. c6 Qd8 16. Nc3 Nf4 17. exd5 Nd3+ 18. Bxd3 exd5 19. c7 Qxc7 20. Nxd5 Qd8 21. Qc6+ Bd7 22. Qc5 Rf8 23. Bxh7 Rh8 24. Be4 Rh5 25. Nf4 Rxc5 26. Nd3 Rc8 27. Rc1 Rxc1+ 28. Nxc1 Qa5+ 29. Kf2 Qd2+ 30. Kg3 Qxc1 31. Ne2 Qxb2 32. Re1 Qxa2 33. Bd5 Qd2 34. Kf2 Qxd5 35. Nf4+ Be6 36. Nxd5 f5 37. Nc7+ Kd7 38. Rd1+ Kxc7 39. h4 Bb3 40.
Rc1+ Kb6 41. g4 fxg4 42. fxg4 g5 43. hxg5 Kb5 44. Rb1 Kb4 45. g6 Kc4 46. Rc1+ Kb4 47. Rc8 Be6 48. Rc6 Bd5 49. Rb6+ Kc5 50. Rb8 Kc6 51. g7 Kc7 52. Rh8 Kd7 53. g5 Ke7 54.
g8=Q Bxg8 55. Rxg8 Kf7 56. Ra8 Kg6 57. Rg8+ Kh7 58. Rb8 Kg6 59. Rb6+ Kxg5 60. Rb5+ Kf4 61. Rb4+ Ke5 62. Rb5+ Kd4 63. Rb8 Kc5 64. Rc8+ Kb6 65. Rc1 Kb5 66. Rb1+ Kc4 67. Rc1+ Kb3 68. Re1 Kc2 69.
Re2+ Kd3 70. Re6 Kd4 71. Rd6+ Ke5 72. Rd8 Ke6 73. Kf3 Ke7 74. Rb8 Kd6 75. Kf4 Kc7 76.
Rh8 Kd6 77. Rh6+ Kd5 78. Kf5 Kd4 79. Kf6 Ke3 80. Kf7 1/2-1/2

[Event "Live Chess"]
[Site "Chess.com"]
[Date "2023.09.16"]
[Round "-"]
[White "MNPedroh"]
[Black "GustavoFarinha"]
[Result "1-0"]
[WhiteElo "1859"]
[BlackElo "1692"]
[TimeControl "900+5"]
[EndTime "16:01:04 PDT"]
[Termination "MNPedroh venceu por desistência"]

1. e4 c5 2. Nf3 d6 3. c3 Nf6 4. Be2 a6 5. O-O e6 6. Re1 Be7 7. d3 Nbd7 8. h3 Qc7 9. Be3 b5 10. Nbd2 Bb7 11. Rc1 O-O-O 12. b4 Kb8 13. a4 Rc8 14.
axb5 axb5 15. Qb3 d5 16. Ra1 c4 17. Ba7+ 1-0

[Event "Live Chess"]
[Site "Chess.com"]
[Date "2023.09.16"]
[Round "-"]
[White "silvaaps"]
[Black "Gustavoksbr"]
[Result "0-1"]
[WhiteElo "760"]
[BlackElo "1901"]
[TimeControl "900+5"]
[EndTime "16:01:21 PDT"]
[Termination "Gustavoksbr venceu por desistência"]

1. e4 e5 2. Nf3 Nc6 3. Bb5 a6 4. Bxc6 dxc6 5. O-O Bg4 6. d4 exd4 7. Qxd4 Bxf3 8.
Qxd8+ Rxd8 9. gxf3 Nf6 10. Bg5 Be7 11. Bxf6 Bxf6 12. Nc3 Rd2 13. Rac1 O-O 14. f4 Bxc3 15. bxc3 Rfd8 16. e5 Kf8 17. Kg2 Ke7 18. Kg3 Ke6 19.
Kg4 g6 20. h4 f5+ 21. Kg5 Re2 22. h5 Rdd2 23. hxg6 hxg6 24. Kxg6 Rxf2 25. Rxf2 Rxf2 26. Kg5 Rg2+ 27. Kh4 Rg4+ 28. Kh5 Rxf4 29. Rb1 b5 30. Re1 Re4 31. Rf1 Kxe5 32. Kg5 Rg4+ 33. Kh5 Rg2 34. Re1+ Kf6 35. Kh4 f4 36. Kh3 Rg3+ 37. Kh2 Kf5 38. Rf1 Rxc3 0-1

[Event "Live Chess"]
[Site "Chess.com"]
[Date "2023.09.16"]
[Round "-"]
[White "Jonas_Rodrigues"]
[Black "abcgames2904"]
[Result "0-1"]
[WhiteElo "1288"]
[BlackElo "1192"]
[TimeControl "900+5"]
[EndTime "16:01:27 PDT"]
[Termination "abcgames2904 venceu por xeque-mate"]

1. e4 e5 2. f4 Nc6 3. Nf3 exf4 4. d4 d6 5. Bxf4 Bg4 6. Bd3 Nf6 7. O-O Qd7 8. e5 dxe5 9. dxe5 Nh5 10. e6 fxe6 11. Bg5 h6 12. Be3 O-O-O 13. h3 Bf5 14. Nc3 Ng3 15.
Bxf5 Nxf5 16. Qxd7+ Rxd7 17. Bf4 g5 18. Bh2 Bc5+ 19.
Kh1 Ne3 20. Rfe1 Nxc2 21. Ne4 Nxa1 22. Nxc5 Rd5 23. Rxa1 Rxc5 24. Bg1 Rc2 25. Rb1 h5 26.
Nd4 Nxd4 27. Bxd4 Rd8 28. Bxa7 Rdd2 29. Rf1 Rxg2 30. Rf8+ Kd7 31. Bg1 Rg3 32. Bf2 Rxh3+ 33. Kg1 Rc1+ 34. Kg2 g4 35. Be3 Rxe3 36. Rf7+ Kd6 37.
Rh7 Rc2+ 38. Kf1 Rh3 39. Kg1 g3 40. Rf7 Rhh2 41. Rf1 Rcg2# 0-1

[Event "Live Chess"]
[Site "Chess.com"]
[Date "2023.09.16"]
[Round "-"]
[White "Japaawz"]
[Black "Ferazo"]
[Result "0-1"]
[WhiteElo "413"]
[BlackElo "1415"]
[TimeControl "900+5"]
[EndTime "16:02:31 PDT"]
[Termination "Ferazo venceu por desistência"]

1. e4 c5 2. d3 d6 3. Nc3 Nf6 4. Be3 Nc6 5. Qf3 g6 6. O-O-O Bg7 7. g3 Bg4 8. Qf4 Bxd1 9. Nxd1 O-O 10. Nf3 d5 11.
Nc3 d4 12. e5 Nd7 13. Bh3 dxe3 14. Qxe3 Ndxe5 15. Nxe5 Nxe5 16. Ne4 Qd4 17. Qg5 Nf3 18. Qg4 Qxb2+ 19. Kd1 Qb1+ 20. Ke2 Nd4+ 21. Kd2 Qxh1 22. Ng5 Bh6 23. c3 Bxg5+ 24. Qxg5 Nf3+ 25. Ke2 Nxg5 0-1

[Event "Live Chess"]
[Site "Chess.com"]
[Date "2023.09.16"]
[Round "-"]
[White "Mateus_Claudius"]
[Black "GilbertoGOFaria"]
[Result "1-0"]
[WhiteElo "1344"]
[BlackElo "1632"]
[TimeControl "900+5"]
[EndTime "16:03:23 PDT"]
[Termination "Mateus_Claudius venceu por desistência"]

1. e4 c5 2. Nf3 d6 3. Bb5+ Nc6 4. O-O g6 5. d4 a6 6. Bxc6+ bxc6 7. dxc5 d5 8. exd5 cxd5 9. Nc3 Nf6 10. Bg5 e6 11.
Re1 Bxc5 12. Bxf6 Qxf6 13. Qxd5 Bxf2+ 14. Kxf2 Ra7 15. Qc5 Ra8 16. Qc6+ Kf8 17. Qxa8 Kg7 18. Qe4 Qe7 19. Rad1 Bb7 20. Qe2 Rc8 21. Kg1 Qb4 22.
Nb1 Qxb2 23. Ne5 Rxc2 24. Rd2 Qb6+ 25. Kh1 Rc8 26. Rd7 Rf8 27. Red1 Qb4 28. h3 Bd5 29. Qxa6 Qb2 30. Rg1 Qxe5 31. a4 Ra8 32. Qb5 Qe4 33. Nc3 Qc4 34. Nxd5 Qxb5 35. axb5 exd5 36. Rxd5 Ra5 37.
Rb1 h5 38. Rd8 Rxb5 39. Rxb5 h4 40. Rd7 Kf6 41. Rbb7 Kg5 42. Rxf7 Kh5 43. Rb5+ Kh6 44. Rf6 Kh7 45. Rbb6 Kh6 46. Rxg6+ Kh5 47. Rh6+ Kg5 48. Rbg6+ Kf4 49. Rxh4+ Kf5 50. Rg8 Ke5 51. Rf8 Ke6 52. Re4+ Kd7 53. Rf6 1-0

[Event "Live Chess"]
[Site "Chess.com"]
[Date "2023.09.16"]
[Round "-"]
[White "Miinero"]
[Black "FerreiraPedro"]
[Result "1-0"]
[WhiteElo "1923"]
[BlackElo "1400"]
[TimeControl "900+5"]
[EndTime "16:04:14 PDT"]
[Termination "Miinero venceu por xeque-mate"]

1. e4 e5 2. Nf3 Nf6 3. Bc4 Nxe4 4.
Nc3 Nxc3 5. dxc3 Nc6 6. O-O Bc5 7. Bxf7+ Kxf7 8. Qd5+ Ke8 9. Ng5 Qf6 10. Qxc5 d6 11.
Qd5 h6 12. Ne4 Qe6 13. Qd3 Rf8 14. Ng3 Qg4 15. Be3 Bf5 16. Nxf5 Qxf5 17. Rad1 Qxd3 18. Rxd3 Ke7 19. b4 a6 20. h3 Ke6 21. a3 Ne7 22. c4 b5 23. c5 Nf5 24. cxd6 Nxe3 25. Rxe3 cxd6 26. Rd1 Rac8 27. Rdd3 Rxc2 28. Rg3 g5 29. f3 d5 30. h4 gxh4 31. Rg6+ Rf6 32. Rxf6+ Kxf6 33. Rxd5 Ke6 34. Rd8 Ra2 35. Rh8 Rxa3 36. Rxh6+ Kf5 37.
Rxh4 a5 38. bxa5 Rxa5 39. Rb4 Ke6 40. g4 Ra1+ 41. Kg2 Ra2+ 42. Kg3 Ra1 43. Rxb5 Rg1+ 44.
Kf2 Rh1 45. Rb6+ Kd5 46. g5 Rh2+ 47. Kg3 Rh8 48. Rf6 e4 49. fxe4+ Kxe4 50. Kg4 Rh1 51. g6 Rg1+ 52. Kh5 Rh1+ 53. Kg5 Rg1+ 54. Kh6 Ke5 55. Rf2 Rh1+ 56. Kg7 Rg1 57. Kh7 Rh1+ 58. Kg8 Ke6 59. g7 Ke7 60. Rf7+ Ke8 61. Rf2 Ke7 62.
Re2+ Kf6 63. Kf8 Rg1 64. g8=Q Rxg8+ 65. Kxg8 Kf5 66. Kf7 Kf4 67. Kf6 Kf3 68. Re5 Kf4 69. Ke6 Kf3 70. Kf5 Kg3 71. Re4 Kf3 72. Ke5 Kg3 73. Rf4 Kh3 74. Kf5 Kg3 75. Kg5 Kh3 76.
Rg4 Kh2 77. Kf4 Kh3 78. Kf3 Kh2 79. Rg3 Kh1 80. Kf2 Kh2 81. Rf3 Kh1 82. Rh3# 1-0

[Event "Live Chess"]
[Site "Chess.com"]
[Date "2023.09.16"]
[Round "-"]
[White "Gabriel0298"]
[Black "Capi-D-Vara"]
[Result "1-0"]
[WhiteElo "1604"]
[BlackElo "1271"]
[TimeControl "900+5"]
[EndTime "16:04:19 PDT"]
[Termination "Gabriel0298 venceu por desistência"]

1. e4 c5 2. Nf3 a6 3. d4 cxd4 4. Nxd4 Nf6 5. Nc3 g6 6. Bg5 Bg7 7. Bc4 Qa5 8. Qd2 b5 9. Bd5 Nxd5 10. exd5 Bb7 11. O-O-O b4 12. Nce2 Qxa2 13. Qxb4 f6 14.
Qxb7 fxg5 15. Qxa8 O-O 16. Qb7 Qa1+ 17. Kd2 Qa5+ 18. c3 g4 19. Ra1 1-0

[Event "Live Chess"]
[Site "Chess.com"]
[Date "2023.09.16"]
[Round "-"]
[White "Arthur_Maciel"]
[Black "Tercette"]
[Result "1-0"]
[WhiteElo "1119"]
[BlackElo "165"]
[TimeControl "900+5"]
[EndTime "16:04:55 PDT"]
[Termination "Arthur_Maciel venceu por xeque-mate"]

1. e4 e5 2. Nf3 Nc6 3. Bc4 Nf6 4.
O-O Bd6 5. d3 O-O 6. c3 Na5 7.
Nbd2 Nxc4 8. dxc4 Bc5 9. h3 Nxe4 10. Nxe4 h6 11. Nxc5 Re8 12. Re1 Qe7 13. Rxe5 Qxc5 14.
Rxc5 d6 15. Rxc7 Rd8 16. Nd4 b5 17. Qf3 bxc4 18. Qxa8 Kh7 19. Rxc8 Rxc8 20. Qxc8 f5 21. Qxf5+ Kg8 22. Bxh6 gxh6 23. Ne6 d5 24. Qg6+ Kh8 25.
Qg7# 1-0

[Event "Live Chess"]
[Site "Chess.com"]
[Date "2023.09.16"]
[Round "-"]
[White "GustavoFarinha"]
[Black "silvaaps"]
[Result "1-0"]
[WhiteElo "1692"]
[BlackElo "760"]
[TimeControl "900+5"]
[EndTime "16:07:03 PDT"]
[Termination "GustavoFarinha venceu por desistência"]

1. e4 d5 2. exd5 Qxd5 3. Nc3 Qe5+ 4. Qe2 Qxe2+ 5. Ngxe2 e6 6. g3 Bb4 7. Bg2 Bxc3 8.
bxc3 c6 9. Bb2 Ne7 10. c4 O-O 11. O-O a5 12. d4 f6 13. Rab1 e5 14. dxe5 fxe5 15.
Ba3 Re8 16. Nc3 b6 17. Ne4 Nd7 18. Nd6 Rf8 19. Nxc8 Raxc8 20. Bxe7 Rfe8 21. Bd6 e4 22. Rfe1 Nf6 23. Rxb6 Re6 24. Rb8 Rxb8 25. Bxb8 Nd7 26. Ba7 c5 27. Rxe4 Rxe4 28. Bxe4 Kf7 29. Bc6 Ke6 30.
Bxd7+ Kxd7 31. Bxc5 Kc6 32. Bd4 1-0

[Event "Live Chess"]
[Site "Chess.com"]
[Date "2023.09.16"]
[Round "-"]
[White "Jonas_Rodrigues"]
[Black "Japaawz"]
[Result "1-0"]
[WhiteElo "1288"]
[BlackElo "413"]
[TimeControl "900+5"]
[EndTime "16:07:31 PDT"]
[Termination "Jonas_Rodrigues venceu por desistência"]

1. e4 e5 2. Nf3 d6 3. Bc4 Be6 4.
Bxe6 fxe6 5. Nc3 Nc6 6. O-O d5 7. exd5 exd5 8. Re1 d4 9. Nxe5 dxc3 10. Nxc6+ Be7 11.
Nxd8 Rxd8 12. Qh5+ g6 13. Qe5 h5 14. Qxh8 cxd2 15.
Qxg8+ Kd7 16. Rxe7+ Kxe7 17. Qg7+ Ke8 18. Qxg6+ Kf8 19. Qf6+ Ke8 20. Bxd2 Rxd2 21. Re1+ Kd7 22. Qe6+ Kd8 23. Qe7+ Kc8 24. Qe6+ Kd8 25. Qf6+ Kc8 26. Qf5+ Kd8 27. Qg5+ Kc8 28. Qxd2 1-0

[Event "Live Chess"]
[Site "Chess.com"]
[Date "2023.09.16"]
[Round "-"]
[White "Joasgodoy"]
[Black "Mell46"]
[Result "0-1"]
[WhiteElo "681"]
[BlackElo "1396"]
[TimeControl "900+5"]
[EndTime "16:07:32 PDT"]
[Termination "Mell46 venceu por xeque-mate"]

1. d4 d5 2. c4 e6 3. Nf3 Bb4+ 4.
Bd2 Bxd2+ 5. Nbxd2 Nf6 6. e3 O-O 7. Ne5 Nbd7 8. Bd3 Nxe5 9. dxe5 Nd7 10. Qc2 g6 11. Nf3 Nc5 12. O-O Nxd3 13. Qxd3 c6 14. cxd5 cxd5 15. Rac1 Bd7 16. h4 a6 17. Ng5 Bb5 18. Qd2 Bxf1 19. e4 Bb5 20. Nf3 dxe4 21. Qh6 exf3 22. g3 Rc8 23. h5 Rxc1+ 24. Qxc1 Qd3 25.
h6 Rd8 26. Qf4 Qf1+ 27. Kh2 Qg2# 0-1

[Event "Live Chess"]
[Site "Chess.com"]
[Date "2023.09.16"]
[Round "-"]
[White "Luisgustavo100"]
[Black "CroNmo"]
[Result "0-1"]
[WhiteElo "947"]
[BlackElo "1834"]
[TimeControl "900+5"]
[EndTime "16:07:50 PDT"]
[Termination "CroNmo venceu por desistência"]

1. e4 c5 2. Nf3 e6 3. d4 cxd4 4. Nxd4 Nf6 5. Nc3 d6 6. Bd3 Be7 7. O-O Nc6 8. Be3 Bd7 9. Re1 Nxd4 10. Bxd4 e5 11. Be3 O-O 12. Nd5 Nxd5 13. exd5 f5 14.
Rc1 e4 15. Bf1 f4 16. Bd4 f3 17. g3 Bf5 18. c4 Qd7 19. c5 dxc5 20. Bxc5 Bd6 21.
Bxd6 Qxd6 22. Qd4 Qd7 23. d6 Rad8 24. Red1 h6 25. Qxa7 Bh3 26. Bxh3 Qxh3 0-1

[Event "Live Chess"]
[Site "Chess.com"]
[Date "2023.09.16"]
[Round "-"]
[White "angelinho2006"]
[Black "Larissa1413"]
[Result "1/2-1/2"]
[WhiteElo "2090"]
[BlackElo "1917"]
[TimeControl "900+5"]
[EndTime "16:08:05 PDT"]
[Termination "Empate por repetição"]

1. e4 e6 2. d4 d5 3. Nc3 Nf6 4. e5 Nfd7 5. Nce2 c5 6. c3 Nc6 7. f4 Qb6 8. Nf3 cxd4 9. cxd4 Bb4+ 10. Bd2 f6 11. Bxb4 Qxb4+ 12. Qd2 Qxd2+ 13. Kxd2 fxe5 14. fxe5 O-O 15. Nc3 a6 16. Ke3 h6 17. Bd3 Nb6 18. Nd2 Bd7 19. Raf1 Nb4 20. Bb1 Na4 21.
g4 Nxb2 22. a3 Nc6 23. h4 Na5 24. g5 hxg5 25. hxg5 Nac4+ 26. Ke2 Nxd2 27. Bh7+ Kh8 28. Bg6+ Kg8 29. Bh7+ Kh8 30. Bg6+ Kg8 31. Bh7+ 1/2-1/2

[Event "Live Chess"]
[Site "Chess.com"]
[Date "2023.09.16"]
[Round "-"]
[White "Yurxx21"]
[Black "ViniciusBritoFc"]
[Result "1-0"]
[WhiteElo "1492"]
[BlackElo "1191"]
[TimeControl "900+5"]
[EndTime "16:08:08 PDT"]
[Termination "Yurxx21 venceu por desistência"]

1. e4 c5 2. Nf3 a6 3. d4 cxd4 4. Nxd4 e5 5. Nf3 Nc6 6. Nc3 Bb4 7. Bd2 Bxc3 8. Bxc3 Qe7 9. Be2 Nf6 10. O-O Nxe4 11. Re1 Nxc3 12. bxc3 f6 13. Bd3 O-O 14. Be4 Qc5 15. Qd3 d6 16. Bxh7+ Kf7 17. Rad1 Ke7 18. Nd4 Kd7 19. Bf5+ Kc7 20. Bxc8 Raxc8 21. Ne6+ Kb8 22. Nxc5 dxc5 23. Qd6+ Ka7 24. Rb1 Rcd8 25. Qxc5+ 1-0

[Event "Live Chess"]
[Site "Chess.com"]
[Date "2023.09.16"]
[Round "-"]
[White "abcgames2904"]
[Black "Ferazo"]
[Result "0-1"]
[WhiteElo "1188"]
[BlackElo "1423"]
[TimeControl "900+5"]
[EndTime "16:09:25 PDT"]
[Termination "Ferazo venceu por xeque-mate"]

1. Nf3 d5 2. g3 Bf5 3. Bg2 Nf6 4.
d4 e6 5. O-O c5 6. Bg5 Nc6 7.
e3 Be7 8. Bxf6 Bxf6 9. Nbd2 Rc8 10. b3 cxd4 11. exd4 O-O 12. c4 Bg4 13. h3 Bh5 14. g4 Bg6 15. cxd5 exd5 16. Rb1 Nxd4 17. Nxd4 Bxd4 18.
Nf3 Bxb1 19. Nxd4 Be4 20. f3 Bg6 21. h4 Qxh4 22. Nb5 Rc2 23. Nxa7 Qg3 24. Qxc2 Bxc2 25.
Rc1 Bg6 26. Nb5 Re8 27. Kf1 Bd3+ 28. Kg1 Re1+ 29. Rxe1 Qxe1+ 30. Kh2 Bxb5 31. a4 Bd7 32. Kh3 d4 33. f4 d3 34. Bxb7 d2 35. Bg2 d1=Q 36. b4 Qd3+ 37. Kh2 Bxg4 38. b5 Qee3 39. Kh1 Bf3 40. Bxf3 Qxf3+ 41. Kh2 Qg3+ 42. Kh1 Qd1# 0-1

[Event "Live Chess"]
[Site "Chess.com"]
[Date "2023.09.16"]
[Round "-"]
[White "Gabriel0298"]
[Black "FerreiraPedro"]
[Result "1-0"]
[WhiteElo "1608"]
[BlackElo "1396"]
[TimeControl "900+5"]
[EndTime "16:09:43 PDT"]
[Termination "Gabriel0298 venceu por desistência"]

1. e4 e5 2. Nf3 Nf6 3. Nxe5 d6 4.
Nf3 Nxe4 5. Nc3 Nxc3 6. bxc3 d5 7. d4 Bd6 8. Bd3 Bg4 9. O-O O-O 10. h3 Bh5 11.
Bg5 Bxf3 12. Bxd8 Bxd1 13. Bxc7 Bxc2 14. Bxd6 Bxd3 15. Rfd1 Rd8 16. Bxb8 Be2 17. Re1 Raxb8 18. Rxe2 Re8 19. Rae1 Kf8 20. Re5 f6 21. Rxe8+ Rxe8 22. Rxe8+ Kxe8 23. Kf1 Ke7 24. Ke2 Kd6 25. Kd3 Kc6 26. c4 dxc4+ 27. Kxc4 Kd6 28. d5 b6 29. Kd4 g6 30. g4 h6 31. f4 g5 32. f5 a6 33. a4 a5 34. Kc4 Kd7 35. Kb5 Kc7 36.
d6+ Kxd6 37. Kxb6 Kd5 38. Kxa5 Kc5 39. Ka6 Kc6 40. Ka7 Kc7 41. Ka6 Kc6 42. a5 Kc7 43. Kb5 Kb7 44. Kc5 Kc7 45. Kd5 1-0

[Event "Live Chess"]
[Site "Chess.com"]
[Date "2023.09.16"]
[Round "-"]
[White "IMelefante38"]
[Black "guto-XVI"]
[Result "0-1"]
[WhiteElo "782"]
[BlackElo "1491"]
[TimeControl "900+5"]
[EndTime "16:12:05 PDT"]
[Termination "guto-XVI venceu por desistência"]

1. d4 Nf6 2. Nc3 e6 3. e4 d5 4. e5 Nfd7 5. h4 Bb4 6. Ne2 c5 7. Bg5 f6 8. exf6 Nxf6 9. Ng3 O-O 10. Nh5 Nbd7 11. Bd3 cxd4 12. Qc1 dxc3 13. Nxg7 Kxg7 14.
Bh6+ Kg8 15. Qg5+ Kf7 16. Bxf8 cxb2+ 17. Ke2 bxa1=Q 18. Rxa1 Qxf8 19. a3 Bc3 20. Rh1 Qg8 21. f4 Bb2 22. h5 Qxg5 23. fxg5 Ng8 24. Bxh7 Ne7 25. h6 Nf8 26. Rf1+ Ke8 27. Rxf8+ Kxf8 28. g6 Nxg6 29. Bxg6 Bd7 30. h7 Ke7 0-1

[Event "Live Chess"]
[Site "Chess.com"]
[Date "2023.09.16"]
[Round "-"]
[White "stopgivingup"]
[Black "Frogstetic"]
[Result "0-1"]
[WhiteElo "975"]
[BlackElo "2014"]
[TimeControl "900+5"]
[EndTime "16:12:19 PDT"]
[Termination "Frogstetic venceu por xeque-mate"]

1. c4 Nf6 2. d4 g6 3. Nc3 Bg7 4.
e4 d6 5. Nge2 O-O 6. g3 Bg4 7.
Bg2 Qd7 8. f3 Bh3 9. O-O Bxg2 10. Kxg2 Nc6 11. Be3 e5 12. d5 Ne7 13. Qd3 Ne8 14.
b4 f5 15. f4 fxe4 16. Nxe4 Nf5 17. fxe5 dxe5 18. N2c3 Ned6 19. Bc5 b6 20. Bxd6 cxd6 21.
c5 dxc5 22. bxc5 Bh6 23. Rae1 Rac8 24. d6 Ne3+ 25. Rxe3 Bxe3 26. Qxe3 Rxf1 27. Kxf1 Qf5+ 28. Kg2 bxc5 29. Nxc5 Rf8 30. Nd5 Qf1# 0-1

[Event "Live Chess"]
[Site "Chess.com"]
[Date "2023.09.16"]
[Round "-"]
[White "Fellipezin"]
[Black "RDW085"]
[Result "1-0"]
[WhiteElo "1601"]
[BlackElo "1398"]
[TimeControl "900+5"]
[EndTime "16:13:38 PDT"]
[Termination "Fellipezin venceu por xeque-mate"]

1. c4 c6 2. Nc3 Nf6 3. g3 g6 4. Bg2 Bg7 5. Nf3 e6 6. b3 O-O 7. O-O d5 8. Bb2 Re8 9. d3 Nbd7 10. Qc2 Qc7 11. cxd5 exd5 12. Rac1 Nb6 13. Rfe1 Be6 14. e4 dxe4 15. dxe4 Rad8 16. Ng5 Bc8 17. Nb5 Qb8 18. e5 Nfd5 19. Nd6 Re7 20. Ba3 Rxe5 21. Rxe5 Bxe5 22. Ndxf7 Rd7 23. Bxd5 Nxd5 24. Qc5 h6 25. Qf8# 1-0